 Dungeon Sprint DCSS version 0.24.0 (webtiles) character file.

Game seed: 2115401175348186564, levelgen mode: deterministic

14 MordorOrchid the Magician (level 2, -1/21 HPs)
             Began as a Spriggan Air Elementalist on Jan 19, 2020.
             Slain by a centaur (7 damage)
             ... in the Dungeon (Sprint IX: "|||||||||||||||||||||||||||||").
             The game lasted 00:01:57 (71 turns).

MordorOrchid the Magician (Spriggan Air Elementalist) Turns: 71, Time: 00:01:57

Health: -1/21      AC:  2    Str:  9    XL:     2   Next: 31%
Magic:  0/8        EV: 19    Int: 16    God:
Gold:   0          SH:  0    Dex: 16    Spells: 9/10 levels left

rFire    . . .     SeeInvis +   (weapon restricted)
rCold    . . .     Gourm    .   (shield restricted)
rNeg     . . .     Faith    .   a - +0 robe
rPois    .         Spirit   .   (helmet restricted)
rElec    .         Reflect  .   (no cloak)
rCorr    .         Harm     .   (gloves unavailable)
MR       .....     NoTele   +   (boots unavailable)
Stlth    ..........             (no amulet)
HPRegen  0.07/turn              (no ring)
MPRegen  0.11/turn              (no ring)

@: berserking, very quick
A: very small, unfitting armour, see invisible, herbivore, speed 3, slow
metabolism 2
a: no special abilities


You were in the Dungeon.
You were not hungry.

You visited 1 branch

Inventory:

Armour
 a - a +0 robe (worn)
Scrolls
 i - a scroll of blinking
Potions
 e - a potion of heal wounds
 f - a potion of haste
 g - 2 potions of magic
Comestibles
 c - a ration


   Skills:
 * Level 1.6 Fighting
 * Level 3.6 Dodging
 - Level 3.0 Stealth
 * Level 4.5 Spellcasting
 * Level 1.0 Conjurations
 + Level 3.2 Air Magic


You had 9 spell levels left.
You knew the following spells:

 Your Spells              Type           Power        Failure   Level  Hunger
a - Shock                 Conj/Air       ##..         7%          1    None

Your spell library contained the following spells:

 Spells                   Type           Power        Failure   Level  Hunger
 Swiftness                Chrm/Air       #.......     12%         2    ##.....
 Static Discharge         Conj/Air       ##......     21%         3    ###....
 Airstrike                Air            ##........   38%         4    ####...
 Lightning Bolt           Conj/Air       ##........   88%         5    ######.


Dungeon Overview and Level Annotations

Branches:
Dungeon (1/1)

Altars:


Innate Abilities, Weirdness & Mutations

You are very small and have problems with some larger weapons.
You are too small for most types of armour.
You have supernaturally acute eyesight. (SInv)
You are a herbivore.
You cover ground extremely quickly.
You need to consume almost no food.


Message History

The centaur closely misses you.
Casting: Shock (safe; 7% risk of failure)
Confirm with . or Enter, or press ? or * to list all spells.
Aiming: Shock (safe; 7% risk of failure)
Press: ? - help, Shift-Dir - straight line, f/p - centaur
Aim: a centaur (moderately wounded)
The zap hits the centaur.
The centaur is heavily wounded.
The zap hits the ice beast.
The ice beast is moderately wounded.
The centaur hits you. x2
* * * LOW HITPOINT WARNING * * *
Unknown command.
A red film seems to cover your vision as you go berserk!
You feel yourself moving faster!
You feel mighty! The centaur completely misses you.
You hit the centaur.
The centaur is heavily wounded.
The centaur hits you!
You die...

▓.▓
▓.▓
▓.▓
▓'▓
▓.▓
▓†▓
▓†▓
▓.▓
▓@▓
▓c▓
▓Y▓
▓.▓
▓.▓
▓.▓
▓.▓
▓+▓


You could see an ice beast and a centaur.

Vanquished Creatures
  An adder (D)
  A giant cockroach (D)
  A bat (D)
  2 frilled lizards (D)
  A leopard gecko skeleton (D)
  2 rats (D)
8 creatures vanquished.

Notes
Turn   | Place    | Note
-------+----------+-------------------------------------------
     0 | D        | MordorOrchid the Spriggan Air Elementalist began the quest
                  | for the Orb.
     0 | D        | Reached XP level 1. HP: 9/9 MP: 5/5
    18 | D        | Reached skill level 3 in Spellcasting
    19 | D        | Reached skill level 1 in Fighting
    62 | D        | Noticed a centaur
    62 | D        | Noticed an ice beast
    64 | D        | Reached skill level 4 in Spellcasting
    67 | D        | Reached skill level 1 in Conjurations
    67 | D        | Reached XP level 2. HP: 14/14 MP: 2/8
    71 | D        | Slain by a centaur

Levels and vault maps discovered:
D:        linesprint [early_d, line_temple, items_1, d_10, items_2, lair_1,
          lair_end, items_3, orc_1, orc_end, items_4, d_15, swamp_1, shoals_1,
          snake_1, spider_1, d_20, vaults_1, items_5, swamp_end, shoals_end,
          snake_end, spider_end, vaults_end, d_27, items_6, zot_1, zot_end,
          crypt_end, forest_end, elf_end, slime_end, tomb_end, abyss_end,
          pan_hell_end]
